Map: Dywergencja ER

Players

Trogdor

  • Race: Protoss Protoss
  • Spawn Location: 11:00

katanablade

  • Race: Terran Terran
  • Spawn Location: 11:00

Esharell - Winner!

  • Race: Zerg Zerg
  • Spawn Location: 5:00

Legol - Winner!

  • Race: Protoss Protoss
  • League: Gold
  • Spawn Location: 5:00

VOD

Have the link to the VOD?

Description

Time

  • Played on: Jan. 3, 2020, 6:22 p.m.
  • Length: 11:20
Show
View Real Time Build Order
Export as new Build Order

Trogdor Protoss 

Build Orders: Blink Stalkers 

Get SALT Encoding   

  12  0:01  Probe  
  13  0:13  Probe  
  14  0:17  Pylon  
  14  0:25  Probe  
  15  0:36  Gateway  
  15  0:40  Assimilator  
  16  0:42  Probe  
  16  0:55  Probe  
  17  1:07  Probe  
  18  1:19  Probe  
  18  1:23  Cybernetics Core  
  19  1:28  Pylon  
  19  1:31  Probe  
  20  1:43  Probe  
  20  1:44  Assimilator  
  21  2:01  Warp Gate  
  21  2:10  Twilight Council  
  21  2:17  Nexus  
  21  2:19  Pylon  
  21  2:23  Probe  
  22  2:30  Forge  
  22  2:36  Probe  
  23  2:44  Pylon  
  23  2:48  Blink (Chrono Boost)  
  23  2:59  Adept  
  25  3:12  Photon Cannon  
  25  3:17  Shield Battery  
  25  3:23  Probe  
  26  3:32  Gateway  
  26  3:35  Probe  
  27  3:42  Gateway  
  27  3:46  Probe  
  28  3:51  Pylon  
  28  3:53  Probe  
  29  3:58  Probe  
  30  4:03  Protoss Ground Weapons Level 1  
  30  4:11  Pylon  
  30  4:13  Probe (Chrono Boost)  
  31  4:18  Stalker  
  33  4:27  Stalker  
  33  4:30  Probe  
  35  4:31  Shield Battery  
  35  4:35  Probe  
  37  4:39  Assimilator  
  37  4:42  Probe  
  38  4:49  Pylon  
  38  4:56  Pylon  
  38  5:11  Photon Cannon  
  38  5:16  Probe  
  39  5:21  Shield Battery  
  39  5:23  Stalker x3  
  45  5:30  Probe (Chrono Boost)  
  45  5:31  Probe (Chrono Boost)  
  47  5:41  Probe x2 (Chrono Boost)  
  49  5:46  Probe x2 (Chrono Boost)  
  49  5:47  Robotics Facility  
  51  5:51  Gateway  
  52  5:57  Probe x2  
  52  5:59  Gateway  
  52  6:03  Pylon  
  53  6:09  Probe x2  
  55  6:14  Stalker  
  55  6:18  Stalker  
  55  6:21  Stalker, Probe x2  
  61  6:33  Probe  
  61  6:35  Gateway, Warp Prism (Chrono Boost)  
  64  6:40  Protoss Ground Weapons Level 2  
  64  6:42  Probe  
  65  6:49  Probe  
  65  6:54  Assimilator  
  66  6:56  Stalker x2  
  66  6:59  Stalker  
  72  7:03  Stalker  
  74  7:25  Stalker x3  
  74  7:26  Stalker  
  74  7:27  Stalker  
  84  7:32  Pylon  
  84  7:36  Stalker  
  86  7:40  Pylon  
  86  7:53  Charge (Chrono Boost)  
  86  8:01  Stalker x3  
  86  8:02  Stalker x3  
  98  8:13  Observer  
  81  8:47  Stalker x3  
  81  8:48  Stalker x3  
  75  8:49  Probe  
  75  8:50  Probe  
  67  8:59  Nexus  
  67  9:01  Probe  
  67  9:02  Pylon, Probe  
  69  9:05  Pylon  
  69  9:13  Stalker x5  
  69  9:14  Probe  
  80  9:21  Probe  
  81  9:27  Assimilator  
  81  9:28  Stalker  
  83  9:31  Assimilator  
  81  9:41  Stalker x4  
  81  9:48  Stalker  
  81  9:52  Stalker  
  56  10:04  Stalker x2  
  56  10:05  Stalker  
Show
View Real Time Build Order
Export as new Build Order

katanablade Terran 

Build Orders: Reaper Expand, Mech 

Get SALT Encoding   

  12  0:00  SCV  
  13  0:13  SCV  
  14  0:21  Supply Depot  
  14  0:25  SCV  
  15  0:42  SCV  
  16  0:44  Barracks  
  16  0:45  Refinery  
  16  0:54  SCV  
  17  1:07  SCV  
  18  1:19  SCV  
  19  1:31  Reaper  
  19  1:32  Orbital Command  
  20  1:55  Command Center  
  20  2:08  SCV  
  20  2:10  Marine  
  22  2:21  SCV, Refinery  
  23  2:24  Factory  
  23  2:26  Supply Depot  
  23  2:39  Barracks Reactor  
  23  2:48  SCV  
  24  3:02  SCV  
  25  3:07  Orbital Command  
  25  3:14  SCV  
  26  3:26  SCV  
  27  3:30  Barracks Tech Lab  
  29  3:34  Hellion x2  
  29  3:38  SCV x2  
  33  3:50  SCV  
  33  3:51  Starport  
  33  3:52  SCV  
  37  3:55  Hellion  
  37  3:56  Hellion  
  37  4:00  Command Center  
  38  4:04  SCV  
  38  4:08  SCV  
  40  4:16  SCV, Marine  
  42  4:18  Factory  
  42  4:20  SCV  
  43  4:25  Supply Depot  
  43  4:26  Supply Depot  
  43  4:27  Supply Depot  
  43  4:28  SCV  
  44  4:31  Medivac  
  46  4:45  Refinery  
  46  4:47  SCV x2, Refinery, Widow Mine x2  
  52  4:59  SCV x2  
  45  5:16  Orbital Command, SCV x2  
  45  5:18  Supply Depot  
  45  5:19  Supply Depot  
  44  5:28  SCV x2  
  44  5:32  Siege Tank  
  44  5:33  Starport Reactor  
  48  5:37  Armory x2  
  48  5:40  SCV x2  
  50  5:52  SCV x2  
  50  5:56  Hellion x2  
  56  6:04  SCV  
  56  6:05  SCV  
  56  6:06  Orbital Command  
  58  6:16  SCV  
  58  6:17  SCV  
  59  6:29  SCV  
  60  6:33  Liberator x2  
  60  6:44  SCV x2  
  60  6:46  SCV  
  63  6:49  Siege Tank, Hellion x2  
  76  6:56  SCV x2, Factory x2  
  76  6:57  Armory, Factory  
  76  6:58  SCV  
  79  7:01  Terran Vehicle Weapons Level 1  
  79  7:03  Terran Vehicle And Ship Armor Level 1  
  79  7:08  SCV  
  79  7:09  SCV  
  79  7:14  Hellion x2  
  85  7:19  SCV  
  85  7:20  SCV  
  87  7:24  SCV  
  87  7:27  Siege Tank  
  91  7:33  SCV x2  
  93  7:41  SCV  
  93  7:43  Factory Tech Lab  
  94  7:44  Factory Tech Lab  
  94  7:53  Factory Reactor  
  94  7:56  Refinery  
  94  7:57  Refinery  
  94  8:31  Liberator x2  
  69  8:46  Hellion  
  69  8:47  Siege Tank x3, Hellion x2  
  86  8:49  SCV x2  
  88  9:08  SCV  
  89  9:11  Hellion x3  
  89  9:12  SCV x2  
  89  9:14  Liberator  
  89  9:15  Infernal Pre-Igniter  
  89  9:17  Smart Servos  
  97  9:20  SCV  
  76  9:47  Hellion  
  76  9:48  Siege Tank x3, Hellion x2  
  48  10:16  Hellion x4  
  48  10:20  Hellion  
  53  10:29  Hellion  
  53  10:30  Hellion  
  40  10:48  Hellion x3  
Show
View Real Time Build Order
Export as new Build Order

Esharell Zerg - Winner!

Build Orders: Pool First 

Get SALT Encoding   

  12  0:01  Drone  
  13  0:13  Overlord  
  13  0:20  Drone  
  14  0:31  Drone x2  
  16  0:38  Drone  
  17  0:47  Drone  
  18  0:51  Spawning Pool  
  17  1:18  Hatchery  
  17  1:19  Extractor  
  17  1:24  Drone x2  
  17  1:25  Drone  
  18  1:36  Drone  
  20  1:47  Zergling x2  
  20  1:48  Queen  
  22  1:58  Overlord  
  22  2:16  Drone  
  23  2:23  Queen  
  23  2:25  Drone  
  26  2:32  Queen  
  26  2:34  Drone x2  
  30  2:41  Zergling x2  
  30  3:04  Spine Crawler  
  30  3:05  Metabolic Boost  
  29  3:22  Zergling x2  
  29  3:26  Drone  
  29  3:27  Drone x5  
  36  3:37  Overlord  
  36  3:38  Overlord  
  36  3:44  Hatchery  
  35  3:52  Drone  
  35  3:55  Queen  
  38  4:05  Lair  
  38  4:10  Drone  
  38  4:11  Roach Warren  
  38  4:12  Drone x2  
  38  4:13  Drone x3  
  43  4:26  Overlord x2  
  43  4:27  Drone x3  
  46  4:32  Extractor  
  46  4:35  Extractor  
  43  4:53  Drone x3  
  43  4:54  Drone x3  
  43  4:57  Zergling x2  
  43  4:58  Zergling x8  
  47  5:17  Drone x4  
  51  5:24  Drone  
  51  5:25  Drone  
  51  5:26  Drone  
  54  5:29  Drone  
  55  5:49  Overlord x2  
  55  5:50  Overseer  
  55  5:52  Roach x4  
  55  5:53  Roach  
  65  5:59  Spire  
  65  6:00  Drone x7  
  71  6:16  Drone x3  
  71  6:17  Extractor  
  72  6:21  Glial Reconstitution  
  72  6:26  Drone x3  
  72  6:27  Hydralisk Den  
  73  6:52  Overseer  
  73  6:55  Drone  
  73  7:00  Grooved Spines, Hydralisk x6  
  73  7:01  Hydralisk  
  88  7:41  Overlord x3  
  88  7:42  Overlord x2  
  88  8:01  Overseer x3  
  88  8:04  Hydralisk  
  88  8:05  Hydralisk x11  
  94  8:11  Drone  
  94  8:12  Drone, Extractor  
  113  8:16  Extractor  
  113  8:17  Overlord x4  
  113  8:18  Overlord  
  113  8:19  Overlord x2  
  109  8:39  Hydralisk x7  
  101  8:43  Zergling x2  
  101  8:44  Zergling x2  
  101  8:55  Hydralisk x4  
  103  8:56  Zergling x2  
  103  8:57  Zergling x8  
  103  9:00  Hatchery  
  113  9:05  Zergling x4  
  113  9:08  Queen  
  117  9:15  Zergling x6  
  117  9:16  Hydralisk  
  122  9:25  Mutalisk x2  
  126  9:34  Zergling x2  
  126  9:35  Zergling x16  
  132  9:51  Hydralisk x5  
  139  10:05  Zergling x2  
  139  10:06  Zergling x4  
  132  10:16  Zergling x2  
  132  10:17  Zergling x4  
  135  10:27  Evolution Chamber  
  134  10:31  Infestation Pit  
  134  10:34  Evolution Chamber  
  130  10:38  Zergling x22  
Show
View Real Time Build Order
Export as new Build Order

Legol Protoss - Winner!

Build Orders: Oracle Opening 

Get SALT Encoding   

  12  0:01  Probe  
  13  0:13  Probe  
  14  0:17  Pylon  
  14  0:25  Probe  
  15  0:37  Probe (Chrono Boost), Gateway  
  16  0:49  Probe (Chrono Boost)  
  17  0:51  Assimilator  
  17  0:59  Probe (Chrono Boost)  
  18  1:06  Pylon  
  18  1:11  Probe  
  19  1:23  Probe  
  19  1:24  Cybernetics Core  
  20  1:35  Probe  
  21  1:52  Probe  
  22  1:55  Nexus  
  22  2:04  Stalker (Chrono Boost)  
  22  2:05  Probe  
  24  2:17  Probe, Assimilator  
  25  2:24  Gateway  
  25  2:29  Probe  
  26  2:32  Stalker  
  28  2:41  Probe  
  29  2:50  Pylon  
  29  3:06  Stargate  
  29  3:10  Stalker x2  
  33  3:26  Probe x2  
  35  3:29  Warp Gate (Chrono Boost)  
  35  3:39  Pylon, Probe (Chrono Boost)  
  37  3:43  Probe (Chrono Boost)  
  40  3:49  Oracle (Chrono Boost), Probe (Chrono Boost)  
  40  3:53  Probe (Chrono Boost)  
  42  3:56  Stalker  
  42  3:59  Stalker  
  46  4:03  Probe x2  
  48  4:15  Probe x2  
  50  4:30  Probe x2, Twilight Council  
  50  4:31  Pylon  
  52  4:40  Stalker x2  
  52  4:42  Probe  
  53  5:17  Probe (Chrono Boost)  
  53  5:20  Probe (Chrono Boost)  
  53  5:21  Assimilator  
  55  5:24  Stalker, Forge  
  55  5:25  Stalker, Assimilator  
  60  5:29  Probe (Chrono Boost)  
  60  5:32  Gateway  
  60  5:33  Blink (Chrono Boost), Probe (Chrono Boost)  
  60  5:34  Gateway  
  61  5:41  Probe  
  62  5:45  Robotics Facility  
  62  5:48  Probe  
  63  5:51  Stalker  
  63  5:53  Probe  
  66  6:01  Shield Battery  
  66  6:07  Protoss Ground Weapons Level 1 (Chrono Boost)  
  66  6:10  Shield Battery  
  66  6:15  Stalker x2  
  70  6:23  Pylon  
  70  6:25  Pylon  
  70  6:27  Pylon  
  70  6:28  Pylon  
  70  6:34  Pylon  
  70  6:36  Photon Cannon  
  63  6:46  Probe (Chrono Boost)  
  64  6:51  Observer (Chrono Boost)  
  64  6:54  Stalker x4  
  67  6:55  Probe (Chrono Boost)  
  67  7:00  Probe (Chrono Boost)  
  74  7:03  Photon Cannon  
  75  7:12  Probe  
  76  7:24  Probe  
  77  7:30  Stalker x4  
  77  7:36  Immortal (Chrono Boost)  
  85  7:40  Nexus  
  89  7:58  Protoss Ground Armor Level 1 (Chrono Boost)  
  89  7:59  Stalker  
  89  8:00  Stalker x2  
  89  8:03  Pylon  
  95  8:08  Warp Prism  
  97  8:17  Pylon  
  97  8:19  Probe  
  99  8:20  Probe  
  99  8:22  Pylon  
  99  8:31  Probe  
  97  8:49  Stalker x3  
  97  8:50  Stalker  
  105  9:03  Photon Cannon  
  105  9:07  Photon Cannon  
  105  9:23  Gateway  
  105  9:24  Gateway  
  105  9:26  Gateway  
  105  9:31  Probe x2  
  105  9:32  Probe  
  108  9:43  Probe  
  108  9:44  Probe x2  
  108  9:45  Stalker x4  
  57  10:02  Probe x3  
  60  10:09  Stalker x4  
  64  10:14  Probe x3  
  67  10:23  Assimilator  
  67  10:26  Pylon, Probe x2, Assimilator  
  67  10:28  Stalker x3  
  75  10:46  Stalker x4  
  83  11:02  Templar Archives  
  83  11:11  Stalker x2  
  83  11:12  Stalker x5  
Tags
 
Add a new tag
Caveats
  • Supply blocks, unpowered buildings, or Contaminate may cause inaccurate times.
  • Supply counts are checked every 10 seconds.